Unix NetHack Version 5.0.0-0 post-release - last build Jul 14 2026 02:55:29 (1809b74e8187c3a3585e283601c3028b46cbbdcb,branch:main).

Game began 2026-07-15 22:59:02, ended 2026-07-15 23:05:47.

Jinnora, neutral female human Wizard

     -----------
     |.........|
     |.)@h.....|
     |<.f......|
     |.........|
     -.---------

Jinnora the Conjurer      St:12 Dx:14 Co:12 In:18 Wi:12 Ch:11  Neutral
Dlvl:5  $:42 HP:0(23) Pw:3(22) AC:6  Xp:3/69 T:788 

Latest messages:
 The kitten misses it.
 The kitten bites the bat.
 The bat is killed!
 You see here 9 gold pieces.
 The kitten drops a gold piece.
 $ - 9 gold pieces (30 in total).
 You swap places with your kitten.
 You see here a gold piece.
 $ - a gold piece (31 in total).
 In what direction? 4
 This door is locked.
 In what direction? 4
 Whammm!!
 That door is closed.
 In what direction? 4
 Whammm!!
 In what direction? 4
 As you kick the door, it crashes open!
 You see here a statue of a kobold zombie.
 You see here 11 gold pieces.
 You see here an orange potion.
 A - an orange potion.
 The kitten misses the bat.
 You see here 11 gold pieces.
 $ - 11 gold pieces (42 in total).
 You descend the stairs.
 In what direction? 6
 The spell misses the dwarf.
 The dwarf throws a stout spear!
 You are hit by a stout spear.
 In what direction? 6
 The spell misses the dwarf.
 In what direction? 6
 The spell misses the dwarf.
 The dwarf wields a broad short sword!
 In what direction? 6
 The spell misses the dwarf.
 The dwarf thrusts his broad short sword.
 The dwarf hits!
 You miss the dwarf.
 The dwarf thrusts his broad short sword.
 The dwarf hits!
 You miss the dwarf.
 You miss the dwarf.
 You miss the dwarf.
 The kitten misses the dwarf.
 The dwarf thrusts his broad short sword.
 The dwarf hits!
 You die...
 Do you want your possessions identified? [ynq] (y) q

Inventory:
 Coins    ('$')
  $ - 42 gold pieces
 Weapons  (')')
  a - a blessed +1 quarterstaff (weapon in hands)
 Armor    ('[')
  o - an uncursed +0 pair of gauntlets of dexterity
  b - a blessed +3 cloak of magic resistance (being worn)
 Comestibles  ('%')
  z - 2 uncursed slime molds
  x - 2 uncursed food rations
  r - an uncursed lichen corpse
 Scrolls  ('?')
  j - an uncursed scroll of earth
  k - an uncursed scroll of enchant armor
  i - an uncursed scroll of enchant weapon
  w - an uncursed scroll of magic mapping
 Spellbooks  ('+')
  p - an uncursed novel named Maskerade
  m - an uncursed spellbook of detect monsters
  l - a blessed spellbook of force bolt
 Potions  ('!')
  f - an uncursed potion of booze
  h - an uncursed potion of gain ability
  y - a cursed potion of healing
  g - an uncursed potion of object detection
  A - an uncursed potion of speed
 Rings    ('=')
  d - a blessed +2 ring of gain strength
  e - an uncursed ring of poison resistance
 Wands    ('/')
  c - an uncursed wand of speed monster (0:7)
 Tools    ('(')
  n - an uncursed magic marker (0:20)
  t - an uncursed +0 pick-axe
  s - an uncursed tallow candle
  v - an uncursed tin opener
 Gems/Stones  ('*')
  u - 2 uncursed worthless pieces of black glass

Jinnora the Wizard's attributes:

Background:
 You were a Conjurer, a level 3 female human Wizard.
 You were neutral, on a mission for Thoth
 who was opposed by Ptah (lawful) and Anhur (chaotic).
 You were right-handed.
 You were in the Dungeons of Doom, on level 5.
 You entered the dungeon 788 turns ago.
 It was nighttime.
 There was a new moon in effect when your adventure ended.
 You had 69 experience points, 11 more were needed to attain level 4.

Basics:
 You had 0 out of 23 hit points.
 You had 3 out of 22 energy points (spell power).
 Your armor class was 6.
 Your wallet contained 42 zorkmids.
 Autopickup was off.

Final Characteristics:
 Your strength was 12 (limit:18/100).
 Your dexterity was 14 (limit:18).
 Your constitution was 12 (limit:18).
 Your intelligence was 18 (limit:18).
 Your wisdom was 12 (limit:18).
 Your charisma was 11 (limit:18).

Final Status:
 You weren't hungry.
 You were unencumbered.
 You were wielding a quarterstaff.
 You had basic skill with quarterstaff.

Final Attributes:
 You were fervently aligned.
 You were magic-protected.
 You were warded.
 You are dead.

Miscellaneous:
 You didn't encounter any bones levels.
 Total elapsed playing time was 6 minutes and 44 seconds.

Major events:
 Turn
    1: Jinnora the neutral female human Wizard entered the dungeon
  240: read a Discworld novel
  392: entered the Gnomish Mines
  414: attained the rank of Conjurer (level 3)
  788: killed by a dwarf

Spells:
 Name                 Level Category     Fail Retention
 force bolt             1   attack         0%  91%-100%
 detect monsters        1   divination     0%  76%-100%

Skills:
 Fighting Skills
   bare handed combat [Unskilled]
   riding             [Unskilled]
 Weapon Skills
   dagger             [Unskilled]
   knife              [Unskilled]
   axe                [Unskilled]
   short sword        [Unskilled]
   club               [Unskilled]
   mace               [Unskilled]
   quarterstaff       [Basic]
   polearms           [Unskilled]
   spear              [Unskilled]
   trident            [Unskilled]
   sling              [Unskilled]
   dart               [Unskilled]
   shuriken           [Unskilled]
 Spellcasting Skills
   attack spells      [Basic]
   healing spells     [Unskilled]
   divination spells  [Unskilled]
   enchantment spells [Basic]
   clerical spells    [Unskilled]
   escape spells      [Unskilled]
   matter spells      [Unskilled]

Voluntary challenges:
 Character rerolling was not enabled.
 You were an atheist.
 You never genocided any monsters.
 You never polymorphed an object.
 You never changed form.
 You used no wishes.
Achievements:
 You entered a shop.
 You read from a Discworld novel.
 You entered the Gnomish Mines.
 You attained the rank of Conjurer.

 The Dungeons of Doom: levels 1 to 5
    Level 1:
    Level 2:
       A bookstore.
    Level 3:
       Stairs down to The Gnomish Mines.
    Level 4:
       A fountain.
    Level 5: <- You were here.
       Final resting place for
          you, killed by a dwarf.
 The Gnomish Mines:
    Level 4:


Vanquished creatures:
  a dwarf
  2 gnomes
  a gecko
  2 jackals
  a kobold
  a goblin
  a bat
  2 lichens
  a newt
12 creatures vanquished.

No species were genocided or became extinct.

Game over:
                       ----------
                      /          \
                     /    REST    \
                    /      IN      \
                   /     PEACE      \
                  /                  \
                  |     Jinnora      |
                  |      42 Au       |
                  |   killed by a    |
                  |      dwarf       |
                  |                  |
                  |                  |
                  |       2026       |
                 *|     *  *  *      | *
        _________)/\\_//(\/(/\)/\//\/|_)_______

Goodbye Jinnora the Wizard...

You died in The Dungeons of Doom on dungeon level 5 with 514 points,
and 42 pieces of gold, after 788 moves.
You were level 3 with a maximum of 23 hit points when you died.

